 Dungeon Crawl Stone Soup version 0.28-a0-1387-g3a22ab9bdc (webtiles) character file.

Game seed: 11806569049106817598

55 bearlyready the Magician (level 4, 0/31 HPs)
             Began as a Djinni Air Elementalist on Jan 2, 2022.
             Killed from afar by Sigmund (2 damage)
             ... with a puff of flame
             ... on level 3 of the Dungeon.
             The game lasted 00:05:35 (2976 turns).

bearlyready the Magician (Djinni Air Elementalist)  Turns: 2976, Time: 00:05:36

Health: 0/31       AC:  3    Str:  7    XL:     4   Next: 14%
Gold:   52         EV: 12    Int: 16    God:
                   SH:  0    Dex: 16

rFire   + + .      SeeInvis .   b - +2 dagger (freeze)
rCold   x . .      Faith    .   (no shield)
rNeg    . . .      Spirit   .   a - +0 robe
rPois   ∞          Reflect  .   (no helmet)
rElec   .          Harm     .   (no cloak)
rCorr   .          Rampage  .   c - +0 pair of gloves
Will    .....                   (boots unavailable)
Stlth   ++........              (no amulet)
HPRegen 0.10/turn               (no ring)
MPRegen 0.00/turn               (no ring)

@: flying
A: sickness immunity, fire resistance 2, cold vulnerability 1, float, innate
caster, hp casting, extra vitality 1
a: no special abilities


You were on level 3 of the Dungeon.
You visited 1 branch of the dungeon, and saw 3 of its levels.

You collected 52 gold pieces.

Inventory:

Hand Weapons
 b - a +2 dagger of freezing (weapon)
 h - a +2 vampiric dagger
Armour
 a - a +0 robe (worn)
 c - a +0 pair of gloves (worn)
 l - a +0 leather armour of cold resistance
Scrolls
 d - a scroll of blinking {unknown}
 e - 2 scrolls of teleportation {unknown}
 g - 4 scrolls of fog {unknown}
 j - a scroll of noise {unknown}
 m - a scroll of vulnerability {unknown}
Potions
 f - a potion of magic {unknown}
 i - a potion of attraction {unknown}
 k - 2 potions of berserk rage {unknown}


   Skills:
 - Level 2.1 Dodging
 - Level 1.5 Stealth
 + Level 3.7 Spellcasting


You couldn't memorise any spells.
You knew the following spells:

 Your Spells              Type           Power      Damage    Failure   Level
a - Shock                 Conj/Air       56%        1d6       3%          1
b - Static Discharge      Conj/Air       14%        N/A       6%          2
c - Swiftness             Air            14%        N/A       12%         3
d - Airstrike             Air            7%         N/A       36%         4
e - Sandblast             Erth           28%        2d8       3%          1
Your spell library was empty.

Dungeon Overview and Level Annotations

Branches:
Dungeon (3/15)

Altars:
Okawaru
Zin

Annotations:
D:3 Sigmund


Innate Abilities, Weirdness & Mutations

You are immune to sickness and miasma.
You are immune to poison.
Your flesh is very heat resistant. (rF++)
You are vulnerable to cold. (rC-)
You float through the air rather than walking.
You learn spells naturally, not from books.
Your magical power is your life essence.
You have superior vitality. (+4 MHP)


Message History

Okay, then.
Casting: Shock (safe; 3% risk of failure)
Confirm with . or Enter, or press ? or * to list all spells.
You can't see any susceptible monsters within range! (Use Z to cast anyway.)
Casting: Shock (safe; 3% risk of failure)
Confirm with . or Enter, or press ? or * to list all spells.
Aiming: Shock (safe; 3% risk of failure)
Press: ? - help, Shift-Dir - straight line Something hits you.
Casting: Shock (safe; 3% risk of failure)
Confirm with . or Enter, or press ? or * to list all spells.
Aiming: Shock (safe; 3% risk of failure)
Press: ? - help, Shift-Dir - straight line
Casting: Shock (safe; 3% risk of failure)
Confirm with . or Enter, or press ? or * to list all spells.
Aiming: Shock (safe; 3% risk of failure)
Press: ? - help, Shift-Dir - straight line The zap hits something.
Something hits you.
Casting: Shock (safe; 3% risk of failure)
Confirm with . or Enter, or press ? or * to list all spells.
Aiming: Shock (safe; 3% risk of failure)
Press: ? - help, Shift-Dir - straight line The zap hits something but does no damage.
Something hits you!
* * * LOW HITPOINT WARNING * * *
Casting: Shock (safe; 3% risk of failure)
Confirm with . or Enter, or press ? or * to list all spells.
Aiming: Shock (safe; 3% risk of failure)
Press: ? - help, Shift-Dir - straight line The zap hits something but does no damage.
* * * LOW HITPOINT WARNING * * *
Casting: Shock (safe; 3% risk of failure)
Confirm with . or Enter, or press ? or * to list all spells.
Aiming: Shock (safe; 3% risk of failure)
Press: ? - help, Shift-Dir - straight line
* * * LOW HITPOINT WARNING * * *
You hear some strange, mumbled words.
A puff of flame appears from out of thin air!
The puff of flame hits you. You resist.
You die...

#.#<..##....#
#.#...##....#
#.#.........#
#.#....##...#
#.###..##...#
#......##...#
######.##...#
#..'...#####
####@......#
#...{......#
#....#######
#....# _##
####.# .8 #.#
#.# #.#


There were no monsters in sight!

Vanquished Creatures
  A worm (D:2)
  3 dart slugs
  7 endoplasms
  5 goblins
  3 hobgoblins (D:1)
  4 jackals (D:2)
  6 kobolds
  4 quokkas
  2 bats
  2 frilled lizards
  A rat (D:2)
38 creatures vanquished.

Vanquished Creatures (others)
  3 fungi (D:2)
  13 plants
16 creatures vanquished.

Grand Total: 54 creatures vanquished

Notes
Turn   | Place    | Note
-------+----------+-------------------------------------------
     0 | D:1      | bearlyready the Djinni Air Elementalist began the quest for
                  | the Orb.
     0 | D:1      | Reached XP level 1. HP: 15/15 MP: 0/0
   274 | D:1      | Reached XP level 2. HP: 9/21 MP: 0/0
   543 | D:1      | Reached skill level 3 in Spellcasting
  1076 | D:1      | Reached XP level 3. HP: 16/25 MP: 0/0
  1076 | D:1      | Learned a level 1 spell: Sandblast
  1813 | D:2      | Found an iron altar of Okawaru.
  2308 | D:2      | Reached XP level 4. HP: 26/31 MP: 0/0
  2556 | D:2      | Found a faded altar of an unknown god.
  2962 | D:3      | Found a glowing silver altar of Zin.
  2963 | D:3      | Noticed Sigmund
  2976 | D:3      | Killed from afar by Sigmund

Illustrated notes

Levels and vault maps discovered:
D:1:      dpeg_arrival_more_subterranean_lakeside_camping, layout_loops_ring,
          serial_bayou_pond_c
D:2:      layout_loops_ring, shapermc_ecumenical_altar_mp_ritualfount,
          basic_altar, minmay_misc_feat_nine_boxes
D:3:      layout_basic, grunt_temple_overflow_champion_of_chaos,
          mainiacjoe_overflow_alcove_1, nicolae_overflow_hidden_temple,
          kennysheep_generic_room_3, uniq_natasha, uniq_sigmund

Skill      XL: |  1  2 |
---------------+-------+-----
Spellcasting   | 3 |  3.7
Dodging        | |  2.1
Stealth        | |  1.5

Action                   |  1- 3 |  4- 6 || total
-------------------------+-------+-------++-------
Melee: Unarmed           |     1 |       ||     1
       Dagger            |    21 |     6 ||    27
 Cast: Shock             |    70 |    21 ||    91
 Stab: Sleeping          |       |     1 ||     1
Armor: Robe              |    12 |     1 ||    13
Dodge: Dodged            |    34 |     4 ||    38

Table legend: (Time is in decaauts)
 A = Elapsed time spent in this place.
 B = Non-inter-level travel time spent in this place.
 C = Inter-level travel time spent in this place.
 D = Time resting spent in this place.
 E = Time spent auto-exploring this place.
 F = Levels seen in this place.
 G = Mean time per level.
                   A        B        C        D        E       F      G
               +--------+--------+--------+--------+--------+-----+--------+
         Total |   2975 |   2875 |    100 |     81 |   2500 |   3 |  991.7 |
       Dungeon |   2975 |   2875 |    100 |     81 |   2500 |   3 |  991.7 |
               +--------+--------+--------+--------+--------+-----+--------+

Top non-repeatable levels by time:
     D:1: 1702 daAuts
     D:2: 1225 daAuts
     D:3: 46 daAuts
